Maple Leafs vs Bruins (R5)

Created - 11 novembre 2025 at 09:16

Goals
1 2 3 T
Maple Leafs 0 1 0 1
Bruins 0 1 1 2
Shots
1 2 3 T
Maple Leafs 8 9 12 29
Bruins 7 8 14 29

GoalsPenalties
1st period
No Goal
Kevin Labanc (TOR) for Checking from behind (Minor) at 7:28
Jan Rutta (TOR) for Tripping (Minor) at 0:00
2nd period
1. Bruins , Anthony Cirelli 9 (Matthew Knies 11, Nazem Kadri 15) at 0:06 (PP)
2. Maple Leafs , Filip Forsberg 13 (Brendan Gallagher 10, Ryan O'Reilly 12) at 1:23
Brent Burns (TOR) for Slashing (Minor) at 4:54
Nazem Kadri (BOS) for Interference (Minor) at 10:46
Jonas Siegenthaler (BOS) for Interference (Minor) at 15:58
Nazem Kadri (BOS) for Tripping (Minor) at 18:25
3rd period
3. Bruins , Anthony Cirelli 10 (Logan Cooley 10) at 13:17
Ryan Graves (BOS) for Interference (Minor) at 1:02
Ryan Graves (BOS) for Tripping (Minor) at 7:19
Jordan Harris (TOR) for Slashing (Minor) at 10:04
Anthony Cirelli (BOS) for Roughing (Minor) at 13:40
Conor Garland (BOS) for Holding (Minor) at 16:28
Goalie Stats
Sergei Bobrovsky (TOR), 27 saves from 29 shots - (0,931), L, 5-6-0, 59:48 minutes
Ilya Sorokin (BOS), 28 saves from 29 shots - (0,966), W, 8-3-4, 60:00 minutes
3 StarsOfficial
1 - Ilya Sorokin (BOS)
2 - Anthony Cirelli (BOS)
3 - Filip Forsberg (TOR)
Referees : Kyle Bauman and Brandon Schrader
Linesman : Spencer Knox and Andrew Smith
Game Note
No Game Note
Finance
Level 1 -- Attendance: 5775 (90%) -- Ticket Income $531,300
Level 2 -- Attendance: 4774 (82%) -- Ticket Income $257,796
Level 3 -- Attendance: 3305 (60%) -- Ticket Income $95,845
Level 4 -- Attendance: 3053 (51%) -- Ticket Income $58,007
Luxury Box -- Attendance: 899 (78%) -- Ticket Income $179,800
Game was played at the FleetCenter.
Total Attendance: 17806 (72%)
Total Ticket Income: $1,122,748
Other Income: $336,824
Total Income: $1,459,572



Team Name Goals Shots Shots Attemp Shots Blocked PIM HIT PP PK FO%
Maple Leafs 12957138230 / 7 (0%)148%
Bruins 229661214131 / 4 (25%)052%

Maple Leafs
Player Name POS G A P +/- PIM HIT SHT SB MP PP MP PP SHT PK MP PK SHT FO% FOT GA TA
Adam BoqvistD0000000116:165:0400:4600% 010
Brendan GallagherRW0110060019:277:3300:0000% 000
Brent BurnsD0000203326:228:4912:0300% 020
Emil BemstromC/LW/RW0000010110:360:0900:0000% 101
Filip ForsbergLW1010024120:077:5310:00050% 201
Jack DruryC0000001019:095:5103:34043% 1400
Jan RuttaD0000211117:420:0003:1500% 001
John MarinoD0000000126:208:4902:4900% 010
Jonah GadjovichLW000003108:060:0000:0000% 001
Jordan HarrisD0000210111:110:0000:1500% 001
Kevin LabancLW/RW000020208:500:2900:0000% 000
Mason AppletonC/LW/RW0000040119:095:5103:3400% 000
Matt NietoLW000001009:470:0900:000100% 100
Max JonesLW/RW000000109:430:0000:0000% 011
Nick CousinsC/LW/RW000003209:430:0000:00043% 700
Robby FabbriC/LW/RW0000016016:325:5112:30033% 600
Ryan O'ReillyC0110006022:247:5332:30055% 3110
T.J. BrodieD0000002322:295:0403:0000% 000
Bruins
Player Name POS G A P +/- PIM HIT SHT SB MP PP MP PP SHT PK MP PK SHT FO% FOT GA TA
Adam GaudetteRW000000005:560:0500:0000% 000
Alex NewhookC/LW/RW000001108:010:0000:1100% 110
Anthony CirelliC/RW2020204023:343:2216:33070% 3711
Conor GarlandLW/RW0000223018:012:2122:0000% 111
Dylan HollowayLW000000107:470:0000:0000% 001
J.T. CompherC/LW0000000117:320:4707:54033% 301
Jared SpurgeonD0000022328:132:4308:2900% 001
Jonas SiegenthalerD0001200115:300:0405:3400% 000
Logan CooleyC/RW0110024019:122:3403:56020% 500
Matt RoyD0000022224:571:5407:3900% 010
Matthew KniesLW/RW0110001115:363:2200:00025% 400
Miro HeiskanenD000-1000019:534:0001:2600% 010
Nazem KadriC0110434017:142:5920:59013% 800
Nino NiederreiterRW0000003014:452:2100:0000% 000
Patrik LaineLW/RW0000011110:290:2103:5900% 011
Philip BrobergD0001000211:151:5400:0700% 000
Ryan GravesD000-1400120:271:3304:3100% 000
Sam CarrickC000000307:380:0002:14267% 300

Maple Leafs

5 vs 5 Forward
Line #Left WingCenterRight WingPHYDFOFWanted %Time %Time Play
1Filip ForsbergRyan O'ReillyBrendan Gallagher0323129%11:31
2Matt NietoJack DruryMason Appleton0322626%10:18
3Jonah GadjovichRobby FabbriKevin Labanc0322220%8:06
4Emil BemstromNick CousinsMax Jones1312125%9:43
5 vs 5 Defense
Line #DefenseDefensePHYDFOFWanted %Time %Time Play
1John MarinoBrent Burns1313837%14:37
2T.J. BrodieJan Rutta0323638%14:56
3Adam BoqvistJordan Harris0322624%9:37
4T.J. BrodieBrent Burns02301%0:28
Power Play Forward
Line #Left WingCenterRight WingPHYDFOFWanted %Time %Time Play
1Filip ForsbergRyan O'ReillyBrendan Gallagher0146658%8:02
2Mason AppletonJack DruryRobby Fabbri0143442%5:51
Power Play Defense
Line #DefenseDefensePHYDFOFWanted %Time %Time Play
1John MarinoBrent Burns0146064%8:49
2T.J. BrodieAdam Boqvist0144036%5:04
Penalty Kill 4 Players Forward
Line #CenterWingPHYDFOFWanted %Time %Time Play
1Jack DruryMason Appleton0415459%3:34
2Ryan O'ReillyRobby Fabbri1314641%2:30
Penalty Kill 4 Players Defense
Line #DefenseDefensePHYDFOFWanted %Time %Time Play
1T.J. BrodieJan Rutta1315349%3:00
2John MarinoBrent Burns1314751%3:04
Penalty Kill 3 Players
Line #WingPHYDFOFWanted %Time %Time PlayDefenseDefensePHYDFOFWanted %Time %Time Play
1Jack Drury041580%0:00 T.J. BrodieJan Rutta041580%0:00
2Jack Drury041420%0:00 John MarinoBrent Burns041420%0:00
4 vs 4 Forward
Line #CenterWingPHYDFOFWanted %Time %Time Play
1Ryan O'ReillyBrendan Gallagher032550%0:00
2Jack DruryFilip Forsberg032450%0:00
4 vs 4 Defense
Line #DefensePHYDFOFWanted %Time %Time Play
1John MarinoBrent Burns032550%0:00
2T.J. BrodieJan Rutta032450%0:00
Last Minutes Offensive
Left WingCenterRight WingDefenseDefense
Filip ForsbergRyan O'ReillyBrendan GallagherJohn MarinoBrent Burns
Last Minutes Defensive
Left WingCenterRight WingDefenseDefense
Filip ForsbergRyan O'ReillyMason AppletonT.J. BrodieBrent Burns
Time
Total ForwardTotal DefenseLast Minutes OffensiveLast Minutes Defensive
60:00 60:00 0:250:00
Extra Forwards
Normal PowerPlayPenalty Kill
Ryan O'Reilly, Filip Forsberg, Mason AppletonFilip Forsberg, Ryan O'ReillyRyan O'Reilly
Extra Defensemen
Normal PowerPlayPenalty Kill
Brent Burns, John Marino, T.J. BrodieBrent Burns, Brent BurnsT.J. Brodie
Penalty Shots
Ryan O'Reilly, Filip Forsberg, Brendan Gallagher, Mason Appleton, Brent Burns
Goalie
Sergei Bobrovsky, Anthony Stolarz
Scratches
T.J. Oshie (Healthy)

Bruins

5 vs 5 Forward
Line #Left WingCenterRight WingPHYDFOFWanted %Time %Time Play
1Matthew KniesAnthony CirelliLogan Cooley1224035%14:03
2Conor GarlandNazem KadriNino Niederreiter1223031%12:24
3Dylan HollowayJ.T. CompherAlex Newhook1222220%7:47
4Patrik LaineSam CarrickAdam Gaudette131814%5:24
5 vs 5 Defense
Line #DefenseDefensePHYDFOFWanted %Time %Time Play
1Jared SpurgeonMatt Roy1224543%16:59
2Miro HeiskanenRyan Graves1223535%13:51
3Jonas SiegenthalerPhilip Broberg1312022%8:48
4Jared SpurgeonMatt Roy13100%0:00
Power Play Forward
Line #Left WingCenterRight WingPHYDFOFWanted %Time %Time Play
1Nazem KadriAnthony CirelliMatthew Knies0146559%3:35
2Conor GarlandLogan CooleyNino Niederreiter0143541%2:29
Power Play Defense
Line #DefenseDefensePHYDFOFWanted %Time %Time Play
1Jared SpurgeonMiro Heiskanen0147069%4:10
2Matt RoyPhilip Broberg0143031%1:54
Penalty Kill 4 Players Forward
Line #CenterWingPHYDFOFWanted %Time %Time Play
1Anthony CirelliJ.T. Compher0416584%11:39
2Sam CarrickConor Garland0413516%2:14
Penalty Kill 4 Players Defense
Line #DefenseDefensePHYDFOFWanted %Time %Time Play
1Jared SpurgeonMatt Roy0416550%6:55
2Jonas SiegenthalerRyan Graves0413550%6:58
Penalty Kill 3 Players
Line #WingPHYDFOFWanted %Time %Time PlayDefenseDefensePHYDFOFWanted %Time %Time Play
1Anthony Cirelli041600%0:00 Jared SpurgeonMatt Roy041650%0:00
2J.T. Compher041400%0:00 Ryan GravesJonas Siegenthaler041350%0:00
4 vs 4 Forward
Line #CenterWingPHYDFOFWanted %Time %Time Play
1Anthony CirelliMatthew Knies122600%0:00
2Nazem KadriJ.T. Compher122400%0:00
4 vs 4 Defense
Line #DefensePHYDFOFWanted %Time %Time Play
1Jared SpurgeonMatt Roy122600%0:00
2Miro HeiskanenRyan Graves122400%0:00
Last Minutes Offensive
Left WingCenterRight WingDefenseDefense
Nazem KadriAnthony CirelliMatthew KniesMiro HeiskanenJared Spurgeon
Last Minutes Defensive
Left WingCenterRight WingDefenseDefense
J.T. CompherAnthony CirelliConor GarlandMatt RoyJared Spurgeon
Time
Total ForwardTotal DefenseLast Minutes OffensiveLast Minutes Defensive
60:00 60:00 0:000:25
Extra Forwards
Normal PowerPlayPenalty Kill
Nazem Kadri, Anthony Cirelli, Matthew KniesNazem Kadri, Anthony CirelliAnthony Cirelli
Extra Defensemen
Normal PowerPlayPenalty Kill
Miro Heiskanen, Jared Spurgeon, Philip BrobergMiro Heiskanen, Matt RoyJared Spurgeon
Penalty Shots
Nazem Kadri, Anthony Cirelli, Conor Garland, Logan Cooley, Matthew Knies
Goalie
Ilya Sorokin, Anton Forsberg
Scratches
Zach Benson (Healthy), Michael Carcone (Healthy), Philip Tomasino (Healthy), Lukas Reichel (Healthy)


Play-by-Play

1st period


0:01 of 1st period - Anthony Cirelli wins face-off versus Ryan O'Reilly in neutral zone.
0:06 of 1st period - Wrist shot by Anthony Cirelli.
0:06 of 1st period - Shot Blocked by Brent Burns.
0:11 of 1st period - Icing by Ryan O'Reilly.
0:12 of 1st period - Ryan O'Reilly wins face-off versus Nazem Kadri in Maple Leafs zone.
0:39 of 1st period - Wrist shot by Filip Forsberg.
0:39 of 1st period - Shot Misses the Net.
0:51 of 1st period - Snap shot by Ryan O'Reilly.
0:51 of 1st period - Stopped by Ilya Sorokin without a rebound.
0:52 of 1st period - Matt Nieto wins face-off versus J.T. Compher in Bruins zone.
2:42 of 1st period - Snap shot by Dylan Holloway.
2:42 of 1st period - Deflect By Alex Newhook.
2:42 of 1st period - Shot Blocked by Mason Appleton.
2:42 of 1st period - Puck is out of play.
2:43 of 1st period - Anthony Cirelli wins face-off versus Nick Cousins in Maple Leafs zone.
2:56 of 1st period - Wrist shot by Logan Cooley.
2:56 of 1st period - Stopped by Sergei Bobrovsky without a rebound.
2:57 of 1st period - Anthony Cirelli wins face-off versus Robby Fabbri in Maple Leafs zone.
3:24 of 1st period - Jack Drury is hit by Conor Garland and loses puck.
3:35 of 1st period - Snap shot by Nazem Kadri.
3:35 of 1st period - Shot Misses the Net.
4:07 of 1st period - Jonas Siegenthaler is hit by Brendan Gallagher.
5:35 of 1st period - Slapshot by Anthony Cirelli.
5:35 of 1st period - Stopped by Sergei Bobrovsky with a rebound.
6:01 of 1st period - Snap shot by Mason Appleton.
6:01 of 1st period - Shot Blocked by Patrik Laine.
6:36 of 1st period - Conor Garland is hit by Nick Cousins.
6:40 of 1st period - Snap shot by Nick Cousins.
6:40 of 1st period - Shot Misses the Net.
6:59 of 1st period - Matt Roy is hit by Matt Nieto and loses puck.
7:08 of 1st period - Jared Spurgeon is hit by Mason Appleton and loses puck.
7:26 of 1st period - Snap shot by Nino Niederreiter.
7:26 of 1st period - Stopped by Sergei Bobrovsky with a rebound.
7:28 of 1st period - Minor Penalty to Kevin Labanc for Checking from behind.
7:29 of 1st period - Matthew Knies wins face-off versus Jack Drury in Maple Leafs zone.
8:09 of 1st period - Nino Niederreiter is hit by Mason Appleton and loses puck.
8:30 of 1st period - Ryan O'Reilly is hit by Jared Spurgeon and loses puck.
9:28 of 1st period - Penalty to Kevin Labanc is over, Kevin Labanc is back on ice.
9:45 of 1st period - Jonas Siegenthaler is hit by Brendan Gallagher.
9:57 of 1st period - Slapshot by Jan Rutta.
9:57 of 1st period - Deflect By Max Jones.
9:57 of 1st period - Shot Hit the Post.
9:57 of 1st period - Puck is out of play.
9:58 of 1st period - Sam Carrick wins face-off versus Nick Cousins in Bruins zone.
9:58 of 1st period - Sam Carrick is hit by Emil Bemstrom.
10:06 of 1st period - Snap shot by Nick Cousins.
10:06 of 1st period - Stopped by Ilya Sorokin without a rebound.
10:07 of 1st period - Anthony Cirelli wins face-off versus Filip Forsberg in Bruins zone.
10:47 of 1st period - Alex Newhook is hit by Mason Appleton and loses puck.
10:58 of 1st period - Slapshot by Nick Cousins.
10:58 of 1st period - Deflect By Jonas Siegenthaler.
10:58 of 1st period - Shot Misses the Net.
10:58 of 1st period - Puck is out of play.
10:59 of 1st period - Nick Cousins wins face-off versus Anthony Cirelli in Bruins zone.
11:16 of 1st period - Wrist shot by Logan Cooley.
11:16 of 1st period - Stopped by Sergei Bobrovsky with a rebound.
11:30 of 1st period - Slapshot by Patrik Laine.
11:30 of 1st period - Shot Blocked by T.J. Brodie.
11:58 of 1st period - Wrist shot by Brendan Gallagher.
11:58 of 1st period - Shot Blocked by Jared Spurgeon.
12:18 of 1st period - Snap shot by Kevin Labanc.
12:18 of 1st period - Shot Misses the Net.
12:20 of 1st period - Slapshot by John Marino.
12:20 of 1st period - Shot Blocked by Matthew Knies.
12:22 of 1st period - Wrist shot by Brent Burns.
12:22 of 1st period - Shot Misses the Net.
12:34 of 1st period - Slapshot by Dylan Holloway.
12:34 of 1st period - Shot Misses the Net.
13:02 of 1st period - Snap shot by Nino Niederreiter.
13:02 of 1st period - Stopped by Sergei Bobrovsky without a rebound.
13:03 of 1st period - Filip Forsberg wins face-off versus Nazem Kadri in Maple Leafs zone.
13:36 of 1st period - Off-side.
13:37 of 1st period - Anthony Cirelli wins face-off versus Nick Cousins in neutral zone.
13:40 of 1st period - T.J. Brodie is hit by Logan Cooley and loses puck.
13:51 of 1st period - Slapshot by T.J. Brodie.
13:51 of 1st period - Shot Blocked by Jonas Siegenthaler.
13:53 of 1st period - Slapshot by T.J. Brodie.
13:53 of 1st period - Stopped by Ilya Sorokin with a rebound.
14:09 of 1st period - Wrist shot by Robby Fabbri.
14:09 of 1st period - Shot Blocked by Philip Broberg.
14:27 of 1st period - Wrist shot by Patrik Laine.
14:27 of 1st period - Shot Blocked by Brent Burns.
15:37 of 1st period - Robby Fabbri is hit by Alex Newhook and loses puck.
16:14 of 1st period - Ryan O'Reilly is hit by Matt Roy and loses puck.
16:24 of 1st period - Wrist shot by Anthony Cirelli.
16:24 of 1st period - Shot Misses the Net.
16:38 of 1st period - Jordan Harris is hit by Nazem Kadri and loses puck.
17:03 of 1st period - Slapshot by Robby Fabbri.
17:03 of 1st period - Stopped by Ilya Sorokin without a rebound.
17:04 of 1st period - Robby Fabbri wins face-off versus Logan Cooley in Bruins zone.
17:13 of 1st period - Snap shot by Robby Fabbri.
17:13 of 1st period - Stopped by Ilya Sorokin without a rebound.
17:14 of 1st period - Anthony Cirelli wins face-off versus Robby Fabbri in Bruins zone.
17:14 of 1st period - Anthony Cirelli is hit by Jonah Gadjovich.
17:38 of 1st period - Snap shot by Kevin Labanc.
17:38 of 1st period - Stopped by Ilya Sorokin with a rebound.
18:10 of 1st period - Snap shot by Logan Cooley.
18:10 of 1st period - Stopped by Sergei Bobrovsky without a rebound.
18:11 of 1st period - Ryan O'Reilly wins face-off versus Nazem Kadri in Maple Leafs zone.
18:25 of 1st period - Snap shot by Brendan Gallagher.
18:25 of 1st period - Shot Misses the Net.
18:27 of 1st period - Slapshot by T.J. Brodie.
18:27 of 1st period - Stopped by Ilya Sorokin without a rebound.
18:28 of 1st period - Jack Drury wins face-off versus J.T. Compher in Bruins zone.
19:06 of 1st period - Slapshot by Conor Garland.
19:06 of 1st period - Shot Misses the Net.
19:28 of 1st period - Snap shot by Nick Cousins.
19:28 of 1st period - Stopped by Ilya Sorokin with a rebound.
19:42 of 1st period - Snap shot by Logan Cooley.
19:42 of 1st period - Shot Misses the Net.
19:44 of 1st period - Wrist shot by Matthew Knies.
19:44 of 1st period - Shot Misses the Net.
19:46 of 1st period - Slapshot by Miro Heiskanen.
19:46 of 1st period - Shot Misses the Net.
19:50 of 1st period - Snap shot by Logan Cooley.
19:50 of 1st period - Stopped by Sergei Bobrovsky without a rebound.
19:51 of 1st period - Anthony Cirelli wins face-off versus Ryan O'Reilly in Maple Leafs zone.
0:00 of 2nd period - Minor Penalty to Jan Rutta for Tripping.
Goals for this period are 0 for Maple Leafs vs 0 for Bruins.
Shots for this period are 8 for Maple Leafs vs 7 for Bruins.

2nd period


0:01 of 2nd period - Anthony Cirelli wins face-off versus Jack Drury in neutral zone.
0:06 of 2nd period - Snap shot by Anthony Cirelli.
0:06 of 2nd period - Goal by Anthony Cirelli - Maple Leafs : 0 - Bruins : 1.
0:07 of 2nd period - Jack Drury wins face-off versus Anthony Cirelli in neutral zone.
1:01 of 2nd period - Wrist shot by Kevin Labanc.
1:01 of 2nd period - Stopped by Ilya Sorokin without a rebound.
1:02 of 2nd period - Robby Fabbri wins face-off versus Alex Newhook in Bruins zone.
1:07 of 2nd period - Snap shot by Robby Fabbri.
1:07 of 2nd period - Stopped by Ilya Sorokin without a rebound.
1:08 of 2nd period - Ryan O'Reilly wins face-off versus Anthony Cirelli in Bruins zone.
1:17 of 2nd period - Snap shot by Ryan O'Reilly.
1:17 of 2nd period - Stopped by Ilya Sorokin with a rebound.
1:19 of 2nd period - Wrist shot by Brendan Gallagher.
1:19 of 2nd period - Shot Misses the Net.
1:21 of 2nd period - Wrist shot by Brendan Gallagher.
1:21 of 2nd period - Shot Misses the Net.
1:23 of 2nd period - Snap shot by Brendan Gallagher.
1:23 of 2nd period - Deflect By Filip Forsberg.
1:23 of 2nd period - Goal by Filip Forsberg - Maple Leafs : 1 - Bruins : 1.
1:24 of 2nd period - Jack Drury wins face-off versus Anthony Cirelli in neutral zone.
1:31 of 2nd period - Wrist shot by Jack Drury.
1:31 of 2nd period - Stopped by Ilya Sorokin with a rebound.
3:16 of 2nd period - Snap shot by Conor Garland.
3:16 of 2nd period - Shot Blocked by T.J. Brodie.
3:18 of 2nd period - Slapshot by Nazem Kadri.
3:18 of 2nd period - Deflect By Nino Niederreiter.
3:18 of 2nd period - Stopped by Sergei Bobrovsky without a rebound.
3:19 of 2nd period - Jack Drury wins face-off versus Nazem Kadri in Maple Leafs zone.
3:25 of 2nd period - Off-side.
3:26 of 2nd period - Logan Cooley wins face-off versus Jack Drury in neutral zone.
4:54 of 2nd period - Minor Penalty to Brent Burns for Slashing.
4:55 of 2nd period - Anthony Cirelli wins face-off versus Jack Drury in Maple Leafs zone.
6:54 of 2nd period - Penalty to Brent Burns is over, Brent Burns is back on ice.
7:02 of 2nd period - Wrist shot by Patrik Laine.
7:02 of 2nd period - Stopped by Sergei Bobrovsky with a rebound.
7:04 of 2nd period - Snap shot by Patrik Laine.
7:04 of 2nd period - Shot Misses the Net.
7:06 of 2nd period - Snap shot by Adam Gaudette.
7:06 of 2nd period - Shot Blocked by Jan Rutta.
7:08 of 2nd period - Snap shot by Patrik Laine.
7:08 of 2nd period - Shot Misses the Net.
7:20 of 2nd period - Dylan Holloway is hit by Jan Rutta and loses puck.
8:13 of 2nd period - Snap shot by Filip Forsberg.
8:13 of 2nd period - Deflect By Jonah Gadjovich.
8:13 of 2nd period - Stopped by Ilya Sorokin with a rebound.
8:29 of 2nd period - Backhand shot by Adam Gaudette.
8:29 of 2nd period - Deflect By Sam Carrick.
8:29 of 2nd period - Shot Misses the Net.
8:29 of 2nd period - Puck is out of play.
8:30 of 2nd period - Sam Carrick wins face-off versus Emil Bemstrom in Maple Leafs zone.
8:31 of 2nd period - Snap shot by Patrik Laine.
8:31 of 2nd period - Shot Blocked by Emil Bemstrom.
8:39 of 2nd period - Snap shot by Brent Burns.
8:39 of 2nd period - Stopped by Ilya Sorokin with a rebound.
8:41 of 2nd period - Slapshot by Max Jones.
8:41 of 2nd period - Stopped by Ilya Sorokin without a rebound.
8:42 of 2nd period - Ryan O'Reilly wins face-off versus Logan Cooley in Bruins zone.
9:01 of 2nd period - Matthew Knies is hit by Filip Forsberg and loses puck.
9:20 of 2nd period - Wrist shot by Conor Garland.
9:20 of 2nd period - Stopped by Sergei Bobrovsky with a rebound.
9:40 of 2nd period - Slapshot by Nick Cousins.
9:40 of 2nd period - Deflect By Max Jones.
9:40 of 2nd period - Shot Blocked by J.T. Compher.
9:40 of 2nd period - Puck is out of play.
9:41 of 2nd period - Anthony Cirelli wins face-off versus Nick Cousins in Bruins zone.
9:52 of 2nd period - Slapshot by T.J. Brodie.
9:52 of 2nd period - Shot Blocked by Jared Spurgeon.
9:54 of 2nd period - Slapshot by Jan Rutta.
9:54 of 2nd period - Stopped by Ilya Sorokin without a rebound.
9:55 of 2nd period - Ryan O'Reilly wins face-off versus Anthony Cirelli in Bruins zone.
9:58 of 2nd period - Slapshot by Filip Forsberg.
9:58 of 2nd period - Deflect By Brendan Gallagher.
9:58 of 2nd period - Shot Misses the Net.
9:58 of 2nd period - Puck is out of play.
9:59 of 2nd period - Ryan O'Reilly wins face-off versus Anthony Cirelli in Bruins zone.
10:02 of 2nd period - Slapshot by Ryan O'Reilly.
10:02 of 2nd period - Shot Blocked by Matt Roy.
10:11 of 2nd period - Matt Roy is hit by Brendan Gallagher and loses puck.
10:46 of 2nd period - Minor Penalty to Nazem Kadri for Interference.
10:47 of 2nd period - Anthony Cirelli wins face-off versus Ryan O'Reilly in Bruins zone.
12:46 of 2nd period - Penalty to Nazem Kadri is over, Nazem Kadri is back on ice.
13:47 of 2nd period - Slapshot by Matt Roy.
13:47 of 2nd period - Stopped by Sergei Bobrovsky with a rebound.
13:49 of 2nd period - Wrist shot by Anthony Cirelli.
13:49 of 2nd period - Shot Misses the Net.
13:51 of 2nd period - Wrist shot by Anthony Cirelli.
13:51 of 2nd period - Stopped by Sergei Bobrovsky without a rebound.
13:52 of 2nd period - Anthony Cirelli wins face-off versus Robby Fabbri in Maple Leafs zone.
13:53 of 2nd period - Wrist shot by Logan Cooley.
13:53 of 2nd period - Shot Misses the Net.
13:55 of 2nd period - Snap shot by Jared Spurgeon.
13:55 of 2nd period - Deflect By Logan Cooley.
13:55 of 2nd period - Shot Misses the Net.
13:55 of 2nd period - Puck is out of play.
13:56 of 2nd period - Ryan O'Reilly wins face-off versus Matthew Knies in Maple Leafs zone.
13:56 of 2nd period - Ryan O'Reilly is hit by Logan Cooley.
14:04 of 2nd period - Snap shot by Anthony Cirelli.
14:04 of 2nd period - Shot Misses the Net.
14:06 of 2nd period - Slapshot by Anthony Cirelli.
14:06 of 2nd period - Shot Blocked by Filip Forsberg.
14:08 of 2nd period - Slapshot by Jared Spurgeon.
14:08 of 2nd period - Stopped by Sergei Bobrovsky with a rebound.
14:10 of 2nd period - Snap shot by Matt Roy.
14:10 of 2nd period - Shot Blocked by John Marino.
14:54 of 2nd period - Adam Boqvist is hit by Conor Garland and loses puck.
15:13 of 2nd period - Snap shot by Anthony Cirelli.
15:13 of 2nd period - Shot Misses the Net.
15:38 of 2nd period - Snap shot by Alex Newhook.
15:38 of 2nd period - Stopped by Sergei Bobrovsky with a rebound.
15:58 of 2nd period - Minor Penalty to Jonas Siegenthaler for Interference.
15:59 of 2nd period - Ryan O'Reilly wins face-off versus Anthony Cirelli in Bruins zone.
16:42 of 2nd period - Filip Forsberg is hit by Patrik Laine and loses puck.
17:58 of 2nd period - Penalty to Jonas Siegenthaler is over, Jonas Siegenthaler is back on ice.
18:21 of 2nd period - Jared Spurgeon is hit by Jonah Gadjovich and loses puck.
18:25 of 2nd period - Minor Penalty to Nazem Kadri for Tripping.
18:26 of 2nd period - Anthony Cirelli wins face-off versus Ryan O'Reilly in Bruins zone.
19:41 of 2nd period - Slapshot by Patrik Laine.
19:41 of 2nd period - Shot Misses the Net.
Goals for this period are 1 for Maple Leafs vs 1 for Bruins.
Shots for this period are 9 for Maple Leafs vs 8 for Bruins.

3rd period


0:01 of 3rd period - Anthony Cirelli wins face-off versus Ryan O'Reilly in neutral zone.
0:16 of 3rd period - Snap shot by Ryan O'Reilly.
0:16 of 3rd period - Stopped by Ilya Sorokin with a rebound.
0:25 of 3rd period - Penalty to Nazem Kadri is over, Nazem Kadri is back on ice.
0:26 of 3rd period - J.T. Compher is hit by Mason Appleton.
0:36 of 3rd period - Wrist shot by Nazem Kadri.
0:36 of 3rd period - Stopped by Sergei Bobrovsky without a rebound.
0:37 of 3rd period - Ryan O'Reilly wins face-off versus Nazem Kadri in Maple Leafs zone.
0:37 of 3rd period - Ryan O'Reilly is hit by Nazem Kadri.
1:02 of 3rd period - Minor Penalty to Ryan Graves for Interference.
1:03 of 3rd period - Anthony Cirelli wins face-off versus Ryan O'Reilly in Bruins zone.
1:50 of 3rd period - Snap shot by Robby Fabbri.
1:50 of 3rd period - Stopped by Ilya Sorokin with a rebound.
3:01 of 3rd period - Wrist shot by Sam Carrick.
3:01 of 3rd period - Stopped by Sergei Bobrovsky without a rebound.
3:02 of 3rd period - Penalty to Ryan Graves is over, Ryan Graves is back on ice.
3:02 of 3rd period - Nick Cousins wins face-off versus Conor Garland in Maple Leafs zone.
3:09 of 3rd period - Nazem Kadri is hit by Nick Cousins and loses puck.
3:30 of 3rd period - Slapshot by Logan Cooley.
3:30 of 3rd period - Shot Misses the Net.
4:15 of 3rd period - Wrist shot by Dylan Holloway.
4:15 of 3rd period - Stopped by Sergei Bobrovsky with a rebound.
4:42 of 3rd period - Snap shot by Robby Fabbri.
4:42 of 3rd period - Stopped by Ilya Sorokin without a rebound.
4:43 of 3rd period - Ryan O'Reilly wins face-off versus Anthony Cirelli in Bruins zone.
4:44 of 3rd period - Wrist shot by Filip Forsberg.
4:44 of 3rd period - Shot Blocked by Ryan Graves.
4:46 of 3rd period - Wrist shot by Ryan O'Reilly.
4:46 of 3rd period - Shot Misses the Net.
4:48 of 3rd period - Snap shot by Ryan O'Reilly.
4:48 of 3rd period - Stopped by Ilya Sorokin without a rebound.
4:49 of 3rd period - Ryan O'Reilly wins face-off versus Matthew Knies in Bruins zone.
5:15 of 3rd period - Off-side.
5:16 of 3rd period - Jack Drury wins face-off versus Nazem Kadri in neutral zone.
5:23 of 3rd period - Slapshot by Jared Spurgeon.
5:23 of 3rd period - Stopped by Sergei Bobrovsky with a rebound.
5:25 of 3rd period - Wrist shot by Conor Garland.
5:25 of 3rd period - Shot Blocked by Adam Boqvist.
5:27 of 3rd period - Snap shot by Nino Niederreiter.
5:27 of 3rd period - Shot Misses the Net.
5:29 of 3rd period - Slapshot by Matt Roy.
5:29 of 3rd period - Stopped by Sergei Bobrovsky without a rebound.
5:30 of 3rd period - Ryan O'Reilly wins face-off versus Matthew Knies in Maple Leafs zone.
5:37 of 3rd period - Snap shot by Filip Forsberg.
5:37 of 3rd period - Stopped by Ilya Sorokin without a rebound.
5:38 of 3rd period - Anthony Cirelli wins face-off versus Ryan O'Reilly in Bruins zone.
5:38 of 3rd period - Anthony Cirelli is hit by Brendan Gallagher.
5:52 of 3rd period - Snap shot by Filip Forsberg.
5:52 of 3rd period - Shot Misses the Net.
5:54 of 3rd period - Slapshot by Brent Burns.
5:54 of 3rd period - Stopped by Ilya Sorokin without a rebound.
5:55 of 3rd period - Nazem Kadri wins face-off versus Jack Drury in Bruins zone.
6:02 of 3rd period - Snap shot by Nazem Kadri.
6:02 of 3rd period - Shot Misses the Net.
6:04 of 3rd period - Snap shot by Jared Spurgeon.
6:04 of 3rd period - Shot Misses the Net.
6:10 of 3rd period - Snap shot by Nazem Kadri.
6:10 of 3rd period - Stopped by Sergei Bobrovsky with a rebound.
6:12 of 3rd period - Slapshot by Nino Niederreiter.
6:12 of 3rd period - Shot Blocked by Brent Burns.
6:19 of 3rd period - Icing by Matt Nieto.
6:20 of 3rd period - Ryan O'Reilly wins face-off versus Anthony Cirelli in Maple Leafs zone.
6:27 of 3rd period - Snap shot by Filip Forsberg.
6:27 of 3rd period - Stopped by Ilya Sorokin with a rebound.
6:54 of 3rd period - Wrist shot by Robby Fabbri.
6:54 of 3rd period - Shot Hit the Post.
7:19 of 3rd period - Minor Penalty to Ryan Graves for Tripping.
7:20 of 3rd period - Ryan O'Reilly wins face-off versus Anthony Cirelli in Bruins zone.
7:22 of 3rd period - Wrist shot by Filip Forsberg.
7:22 of 3rd period - Stopped by Ilya Sorokin without a rebound.
7:23 of 3rd period - Anthony Cirelli wins face-off versus Ryan O'Reilly in Bruins zone.
7:34 of 3rd period - Jared Spurgeon is hit by Brendan Gallagher and loses puck.
7:39 of 3rd period - Wrist shot by Ryan O'Reilly.
7:39 of 3rd period - Stopped by Ilya Sorokin with a rebound.
8:15 of 3rd period - Wrist shot by Sam Carrick.
8:15 of 3rd period - Stopped by Sergei Bobrovsky without a rebound.
8:16 of 3rd period - Ryan O'Reilly wins face-off versus Sam Carrick in Maple Leafs zone.
9:19 of 3rd period - Penalty to Ryan Graves is over, Ryan Graves is back on ice.
9:23 of 3rd period - Off-side.
9:24 of 3rd period - Nick Cousins wins face-off versus Nazem Kadri in neutral zone.
9:57 of 3rd period - Miro Heiskanen is hit by Jonah Gadjovich and loses puck.
10:04 of 3rd period - Minor Penalty to Jordan Harris for Slashing.
10:05 of 3rd period - Jack Drury wins face-off versus Anthony Cirelli in Maple Leafs zone.
10:10 of 3rd period - Snap shot by Nazem Kadri.
10:10 of 3rd period - Shot Misses the Net.
10:16 of 3rd period - Snap shot by Nazem Kadri.
10:16 of 3rd period - Deflect By Jack Drury.
10:16 of 3rd period - Stopped by Sergei Bobrovsky without a rebound.
10:17 of 3rd period - Anthony Cirelli wins face-off versus Jack Drury in Maple Leafs zone.
10:18 of 3rd period - Snap shot by Nazem Kadri.
10:18 of 3rd period - Stopped by Sergei Bobrovsky with a rebound.
10:44 of 3rd period - Nino Niederreiter is hit by Robby Fabbri and loses puck.
10:53 of 3rd period - Wrist shot by Nino Niederreiter.
10:53 of 3rd period - Deflect By Conor Garland.
10:53 of 3rd period - Stopped by Sergei Bobrovsky with a rebound.
10:55 of 3rd period - Wrist shot by Conor Garland.
10:55 of 3rd period - Stopped by Sergei Bobrovsky without a rebound.
10:56 of 3rd period - Anthony Cirelli wins face-off versus Jack Drury in Maple Leafs zone.
11:27 of 3rd period - Snap shot by Conor Garland.
11:27 of 3rd period - Shot Blocked by T.J. Brodie.
12:04 of 3rd period - Penalty to Jordan Harris is over, Jordan Harris is back on ice.
12:41 of 3rd period - Snap shot by Sam Carrick.
12:41 of 3rd period - Shot Blocked by Jordan Harris.
12:43 of 3rd period - Snap shot by Sam Carrick.
12:43 of 3rd period - Stopped by Sergei Bobrovsky without a rebound.
12:44 of 3rd period - J.T. Compher wins face-off versus Robby Fabbri in Maple Leafs zone.
12:55 of 3rd period - Snap shot by Robby Fabbri.
12:55 of 3rd period - Shot Misses the Net.
12:57 of 3rd period - Wrist shot by Jonah Gadjovich.
12:57 of 3rd period - Deflect By Robby Fabbri.
12:57 of 3rd period - Stopped by Ilya Sorokin without a rebound.
12:58 of 3rd period - Anthony Cirelli wins face-off versus Ryan O'Reilly in Bruins zone.
13:03 of 3rd period - Wrist shot by Anthony Cirelli.
13:03 of 3rd period - Shot Misses the Net.
13:05 of 3rd period - Slapshot by Matthew Knies.
13:05 of 3rd period - Stopped by Sergei Bobrovsky without a rebound.
13:06 of 3rd period - Anthony Cirelli wins face-off versus Ryan O'Reilly in Maple Leafs zone.
13:17 of 3rd period - Wrist shot by Anthony Cirelli.
13:17 of 3rd period - Goal by Anthony Cirelli - Maple Leafs : 1 - Bruins : 2.
13:18 of 3rd period - Anthony Cirelli wins face-off versus Ryan O'Reilly in neutral zone.
13:18 of 3rd period - Matthew Knies is hit by Filip Forsberg.
13:40 of 3rd period - Minor Penalty to Anthony Cirelli for Roughing.
13:41 of 3rd period - Ryan O'Reilly wins face-off versus Logan Cooley in Bruins zone.
13:46 of 3rd period - Wrist shot by Ryan O'Reilly.
13:46 of 3rd period - Stopped by Ilya Sorokin with a rebound.
13:52 of 3rd period - Snap shot by Filip Forsberg.
13:52 of 3rd period - Shot Blocked by Matt Roy.
13:54 of 3rd period - Slapshot by Brent Burns.
13:54 of 3rd period - Deflect By Jared Spurgeon.
13:54 of 3rd period - Stopped by Ilya Sorokin with a rebound.
13:56 of 3rd period - Backhand shot by Brendan Gallagher.
13:56 of 3rd period - Shot Blocked by Jared Spurgeon.
13:58 of 3rd period - Snap shot by Brendan Gallagher.
13:58 of 3rd period - Deflect By Filip Forsberg.
13:58 of 3rd period - Shot Misses the Net.
13:58 of 3rd period - Puck is out of play.
13:59 of 3rd period - Ryan O'Reilly wins face-off versus Logan Cooley in Bruins zone.
14:28 of 3rd period - Mason Appleton is hit by Jared Spurgeon and loses puck.
15:40 of 3rd period - Penalty to Anthony Cirelli is over, Anthony Cirelli is back on ice.
15:47 of 3rd period - Matt Roy is hit by Nick Cousins and loses puck.
16:19 of 3rd period - Nazem Kadri is hit by Jordan Harris and loses puck.
16:28 of 3rd period - Minor Penalty to Conor Garland for Holding.
16:29 of 3rd period - Anthony Cirelli wins face-off versus Ryan O'Reilly in Bruins zone.
16:35 of 3rd period - Icing by Filip Forsberg.
16:36 of 3rd period - Anthony Cirelli wins face-off versus Ryan O'Reilly in Maple Leafs zone.
16:39 of 3rd period - Snap shot by Anthony Cirelli.
16:39 of 3rd period - Shot Misses the Net.
17:07 of 3rd period - Slapshot by Filip Forsberg.
17:07 of 3rd period - Deflect By Brendan Gallagher.
17:07 of 3rd period - Shot Hit the Post.
17:07 of 3rd period - Puck is out of play.
17:08 of 3rd period - Anthony Cirelli wins face-off versus Jack Drury in Bruins zone.
17:47 of 3rd period - Matt Roy is hit by Brendan Gallagher and loses puck.
18:28 of 3rd period - Penalty to Conor Garland is over, Conor Garland is back on ice.
18:47 of 3rd period - Max Jones is hit by Nazem Kadri and loses puck.
19:11 of 3rd period - Emil Bemstrom is hit by Matt Roy and loses puck.
19:34 of 3rd period - Snap shot by Nazem Kadri.
19:34 of 3rd period - Deflect By Nino Niederreiter.
19:34 of 3rd period - Shot Misses the Net.
19:34 of 3rd period - Puck is out of play.
19:35 of 3rd period - Jim Montgomery call a timeout for Maple Leafs.
19:35 of 3rd period - Anthony Cirelli wins face-off versus Ryan O'Reilly in Maple Leafs zone.
19:48 of 3rd period - Maple Leafs, Sergei Bobrovsky is pulled from the net.
19:52 of 3rd period - Wrist shot by Filip Forsberg.
19:52 of 3rd period - Shot Blocked by Philip Broberg.
Goals for this period are 0 for Maple Leafs vs 1 for Bruins.
Shots for this period are 12 for Maple Leafs vs 14 for Bruins.